 Dungeon Crawl Stone Soup version 0.22-a0-456-g11ed031 (webtiles) character file.

49 galech the Skirmisher (level 3, 0/40 HPs)
             Began as an Ogre Berserker on June 6, 2018.
             Was a Believer of Trog.
             Slain by a jackal (1 damage)
             ... on level 1 of the Dungeon.
             The game lasted 00:01:31 (1003 turns).

galech the Skirmisher (Ogre Berserker)              Turns: 1003, Time: 00:01:32

Health: 0/40       AC:  3    Str: 22    XL:     3   Next: 77%
Magic:  3/3        EV: 10    Int:  8    God:    Trog [**....]
Gold:   106        SH:  0    Dex:  8    Spells: 2/2 levels left

rFire    . . .     SeeInvis .   a - +0 mace
rCold    . . .     Gourm    .   (no shield)
rNeg     . . .     Faith    .   b - +0 animal skin
rPois    .         Spirit   .   (helmet restricted)
rElec    .         Reflect  .   (no cloak)
rCorr    .         Harm     .   (gloves unavailable)
MR       .....                  (boots unavailable)
Stlth    +.........             (no amulet)
HPRegen  0.13/turn              (no ring)
MPRegen  0.08/turn              (no ring)

@: berserk cooldown, slowed, very slow
A: large, unfitting armour, tough skin 1
a: Berserk, Trog's Hand, Renounce Religion


You were on level 1 of the Dungeon.
You worshipped Trog.
Trog was pleased with you.
You were near starving.

You visited 1 branch of the dungeon, and saw 2 of its levels.

You collected 106 gold pieces.

Inventory:

Hand Weapons
 a - a +0 mace (weapon)
Armour
 b - a +0 animal skin (worn)
Scrolls
 d - 2 scrolls of identify {unknown}
 f - a scroll of fog {unknown}
 i - a scroll of teleportation {unknown}
 l - 3 scrolls of fear {unknown}
Potions
 e - 2 potions of heal wounds {unknown}
 g - a potion of mutation {unknown}
 h - a potion of curing {unknown}
 j - a potion of might {unknown}
 k - a potion of cancellation {unknown}
Comestibles
 c - 2 rations


   Skills:
 + Level 4.6 Fighting
 + Level 3.5 Maces & Flails
 + Level 3.0 Dodging


You had 2 spell levels left.
You didn't know any spells.
Your spell library was empty.

Dungeon Overview and Level Annotations

Branches:
Dungeon (2/15)

Altars:


Innate Abilities, Weirdness & Mutations

You are too large for most types of armour.
You have tough skin. (AC +1)


Message History

The jackal barely misses you. The jackal barely misses you.
The jackal closely misses you. The jackal closely misses you.
There is a stone staircase leading up here.
The jackal barely misses you.
The jackal bites you but does no damage.
The giant cockroach closely misses you.
You climb upwards.
There is a stone staircase leading down here.
You barely miss the jackal. The jackal closely misses you.
The jackal bites you.
* * * LOW HITPOINT WARNING * * *
The jackal bites you but does no damage.
You barely miss the jackal. The jackal bites you.
* * * LOW HITPOINT WARNING * * *
The jackal bites you.
* * * LOW HITPOINT WARNING * * *
The jackal bites you.
You die...

.....⌠.....##.....#
#.#.##.#
##.......####.....#
#.#....#
####.#######.....#
#.###..#
#.........##.....#
##.###..###
#########.##.....#
#.........# #.########
#.#.##.##.# #.#
#.#.##.##.#
#.##########.#....##.#
#.##...@..##.#..#.##.#
#.#...h......#..#.##.#
#.#..#.##.#..........#
#......##.#.###.######
###..#..........#
#.......#.#####
#.......#.#
####......# ########


You could see a jackal.

Vanquished Creatures
  A worm (D:2)
  A dart slug (D:1)
  3 bats (D:1)
  5 giant cockroaches (D:1)
  5 goblins (D:1)
  5 hobgoblins (D:1)
  10 jackals
  2 frilled lizards
  3 kobolds (D:1)
  4 rats (D:1)
39 creatures vanquished.

Notes
Turn   | Place    | Note
-------+----------+-------------------------------------------
     0 | D:1      | galech the Ogre Berserker began the quest for the Orb.
     0 | D:1      | Reached XP level 1. HP: 24/24 MP: 1/1
    86 | D:1      | Reached XP level 2. HP: 29/32 MP: 2/2
   314 | D:1      | Reached XP level 3. HP: 37/40 MP: 3/3
   352 | D:1      | Reached ** piety under Trog
  1003 | D:1      | HP: 1/40 [jackal (2)]
  1003 | D:1      | Slain by a jackal

Vault maps used:
D:1:      dpeg_arrival_leaves_temple_mockup
D:2:      uniq_natasha

Skill      XL: |  1  2 |
---------------+-------+-----
Maces & Flails | 3 |  3.5
Dodging        | 3 |  3.0
Fighting       | |  4.6

Action                   || total
-------------------------++-------
Melee: Mace              ||   116
Invok: Berserk           ||     1
Armor: Animal skin       ||    48
Dodge: Dodged            ||    66

Table legend:
 A = Spawn XP
 B = Non-spawn XP
 C = Spawn XP percentage of total XP
 D = Spawn monster count
 E = Non-spawn monster count
 F = Spawn count percentage of total count
 G = Total turns spent on level
                    A         B        C        D         E        F      G
               +---------+---------+-------+---------+---------+-------+---------
         Total |       0 |      71 |   0.0 |       0 |      39 |   0.0 |  1003
               +---------+---------+-------+---------+---------+-------+---------
           D:1 |       0 |      59 |   0.0 |       0 |      34 |   0.0 |   924
           D:2 |       0 |      12 |   0.0 |       0 |       5 |   0.0 |    79
               +---------+---------+-------+---------+---------+-------+---------
